Map: Ulrena

Players

iGMacSed (MacSed)

  • Race: Protoss Protoss
  • League: Grandmaster

FWPartinG (PartinG) - Winner!

  • Race: Protoss Protoss
  • League: Master

Event: NationWars III

VOD

https://youtu.be/a4TnH3x48GM

Description

Time

  • Played on: Jan. 2, 2016, 9:43 a.m.
  • Length: 21:01
Show
View Real Time Build Order
Export as new Build Order

iGMacSed Protoss 

Build Orders: Oracle Opening 

Get SALT Encoding   

  12  0:01  Probe (Chrono Boost)  
  13  0:11  Probe (Chrono Boost)  
  14  0:18  Pylon  
  14  0:22  Probe (Chrono Boost)  
  15  0:36  Probe (Chrono Boost)  
  15  0:38  Gateway  
  16  0:47  Probe (Chrono Boost)  
  16  0:48  Assimilator  
  17  0:52  Assimilator  
  17  0:57  Probe (Chrono Boost)  
  18  1:06  Gateway  
  18  1:08  Probe (Chrono Boost)  
  19  1:19  Probe (Chrono Boost)  
  19  1:25  Cybernetics Core  
  20  1:29  Probe (Chrono Boost)  
  21  1:35  Pylon  
  22  1:40  Probe (Chrono Boost)  
  22  1:50  Probe (Chrono Boost)  
  23  2:01  Stalker x2  
  25  2:02  Warp Gate (Chrono Boost)  
  27  2:12  Pylon  
  27  2:19  Mothership Core  
  29  2:31  Stalker  
  29  2:34  Stalker  
  33  2:43  Probe  
  34  2:56  Stargate  
  34  3:14  Nexus  
  34  3:17  Probe  
  35  3:29  Probe  
  36  3:36  Pylon  
  34  3:43  Probe  
  34  3:46  Oracle (Chrono Boost)  
  37  4:00  Stalker x2  
  41  4:11  Probe  
  41  4:16  Robotics Facility  
  42  4:23  Probe  
  43  4:25  Probe  
  44  4:35  Probe x2  
  46  4:47  Probe x2 (Chrono Boost)  
  46  4:49  Sentry x2  
  46  4:52  Pylon  
  52  4:55  Assimilator  
  52  4:59  Probe x2 (Chrono Boost)  
  54  5:06  Observer (Chrono Boost)  
  54  5:09  Probe  
  54  5:10  Probe  
  54  5:13  Void Ray (Chrono Boost), Assimilator  
  61  5:21  Probe  
  62  5:22  Probe  
  62  5:25  Pylon  
  62  5:27  Immortal  
  63  5:33  Probe  
  63  5:34  Probe  
  69  5:43  Pylon  
  69  5:45  Probe  
  69  5:46  Probe  
  71  5:54  Void Ray (Chrono Boost)  
  75  5:57  Probe  
  75  5:58  Probe  
  75  6:01  Pylon  
  75  6:03  Pylon  
  77  6:08  Immortal  
  81  6:22  Gateway  
  85  6:33  Void Ray (Chrono Boost)  
  85  6:35  Gateway  
  85  6:37  Gateway  
  85  6:41  Gateway  
  85  6:45  Immortal  
  85  6:48  Probe  
  90  7:02  Nexus  
  90  7:06  Sentry  
  92  7:15  Probe  
  93  7:16  Phoenix (Chrono Boost)  
  93  7:17  Probe  
  93  7:18  Zealot  
  98  7:23  Immortal  
  98  7:26  Pylon  
  102  7:36  Pylon  
  102  7:44  Probe x2, Phoenix (Chrono Boost), Twilight Council  
  106  7:56  Probe  
  106  7:57  Probe  
  108  8:02  Immortal  
  108  8:05  Phoenix (Chrono Boost)  
  112  8:08  Probe  
  112  8:11  Probe  
  116  8:15  Probe, Zealot  
  117  8:20  Probe, Charge (Chrono Boost)  
  117  8:24  Probe, Phoenix  
  117  8:26  Probe  
  119  8:32  Probe, Pylon  
  123  8:37  Forge  
  123  8:38  Templar Archives  
  123  8:45  Phoenix  
  123  8:47  Immortal  
  127  8:51  Zealot  
  127  8:53  Probe  
  127  8:54  Probe  
  133  8:59  Zealot x3  
  137  9:14  Phoenix  
  131  9:20  High Templar x2  
  131  9:21  Zealot x2  
  141  9:32  Pylon  
  141  9:35  Protoss Ground Weapons Level 1, Pylon x2  
  141  9:46  Gateway  
  141  9:47  Gateway, Phoenix  
  141  9:52  Zealot, High Templar x2  
  149  9:53  Zealot x2  
  149  9:54  Zealot  
  149  9:58  Gateway, Archon  
  155  10:01  Gateway  
  155  10:02  Archon  
  152  10:12  Phoenix  
  152  10:14  Zealot x3  
  134  10:33  Zealot x3  
  116  10:38  Immortal  
  120  10:45  Probe  
  120  10:46  Probe  
  122  10:53  Zealot x6  
  114  10:59  Zealot x2  
  114  11:01  Phoenix  
  122  11:09  Gateway  
  122  11:10  Gateway  
  120  11:18  Zealot x6  
  126  11:22  Immortal, Phoenix  
  122  11:38  Zealot x6  
  122  11:39  Zealot x2  
  134  11:46  Phoenix  
  96  12:02  Zealot x2  
  96  12:03  Zealot x6  
  108  12:10  Immortal  
  108  12:14  Phoenix, High Templar x2  
  116  12:19  Archon  
  118  12:29  High Templar x2  
  104  12:30  High Templar x2  
  104  12:33  Archon  
  104  12:34  Archon  
  96  12:38  Phoenix  
  96  12:40  Zealot x3  
  96  12:53  Zealot x3  
  96  12:55  Immortal  
  104  13:01  Zealot x3  
  104  13:14  Zealot x4  
  104  13:18  High Templar x2  
  114  13:22  Archon  
  114  13:33  Zealot x3  
  106  13:41  Zealot  
  106  13:42  Zealot x3  
  102  13:55  Zealot x2, High Templar x2  
  106  14:01  Archon  
  106  14:02  Zealot x2  
  104  14:13  Immortal  
  104  14:16  Phoenix  
  102  14:18  Assimilator  
  102  14:22  Assimilator  
  104  14:25  Zealot  
  106  14:31  Zealot x2  
  108  14:39  Zealot x2  
  108  14:42  Zealot  
  108  14:43  Phoenix  
  114  14:49  Zealot  
  118  14:55  Zealot  
  120  15:03  Zealot x2  
  120  15:05  Phoenix  
  122  15:15  Zealot  
  122  15:16  Zealot x2  
  124  15:22  Zealot x2  
  126  15:37  Phoenix  
  128  15:48  High Templar  
  128  15:49  Pylon, High Templar  
  132  15:52  Archon  
  131  15:57  Zealot  
  131  15:59  Phoenix  
  133  16:04  Pylon  
  133  16:10  Immortal  
  137  16:15  Nexus  
  137  16:19  Zealot  
  137  16:21  Phoenix  
  139  16:30  Pylon  
  139  16:37  High Templar x2  
  143  16:40  Zealot  
  143  16:41  Archon  
  145  16:53  Zealot, Phoenix  
  149  17:07  Zealot  
  137  17:26  Zealot x2  
  141  17:30  Phoenix  
  141  17:40  High Templar  
  141  17:47  High Templar  
  139  17:55  Archon  
  136  18:01  Zealot x2  
  140  18:06  Photon Cannon  
  140  18:12  Observer  
  141  18:20  High Templar x2  
  141  18:25  Photon Cannon, Archon  
  141  18:26  Photon Cannon  
  145  18:27  Zealot  
  147  18:35  Zealot x3  
  153  18:43  Photon Cannon  
  147  18:59  Zealot x3  
  151  19:05  Assimilator x2  
  151  19:09  Phoenix  
  143  19:26  Immortal  
  147  19:32  Zealot x5  
  147  19:38  Phoenix  
  157  19:58  Zealot x2  
  161  20:04  Pylon  
  157  20:09  Zealot x2  
  149  20:34  Zealot x4  
Show
View Real Time Build Order
Export as new Build Order

FWPartinG Protoss - Winner!

Build Orders:  

Get SALT Encoding   

  12  0:00  Probe (Chrono Boost)  
  13  0:11  Probe (Chrono Boost)  
  14  0:19  Pylon  
  14  0:22  Probe (Chrono Boost)  
  15  0:37  Probe (Chrono Boost), Gateway  
  16  0:43  Assimilator  
  16  0:47  Probe (Chrono Boost)  
  17  0:58  Probe (Chrono Boost)  
  17  1:00  Gateway  
  18  1:06  Assimilator  
  18  1:08  Probe (Chrono Boost)  
  19  1:19  Probe (Chrono Boost)  
  19  1:24  Cybernetics Core  
  20  1:30  Pylon  
  20  1:33  Probe (Chrono Boost)  
  21  1:43  Probe (Chrono Boost)  
  23  1:54  Probe (Chrono Boost)  
  23  2:01  Stalker, Warp Gate (Chrono Boost)  
  23  2:03  Stalker  
  27  2:11  Mothership Core (Chrono Boost)  
  29  2:22  Pylon  
  29  2:29  Probe (Chrono Boost)  
  30  2:40  Probe (Chrono Boost)  
  31  2:49  Stalker x2  
  34  3:07  Nexus  
  34  3:19  Pylon  
  34  3:27  Robotics Facility  
  34  3:37  Probe  
  31  3:49  Probe (Chrono Boost)  
  31  3:52  Pylon  
  32  4:00  Probe (Chrono Boost)  
  32  4:02  Stalker x2  
  37  4:10  Probe (Chrono Boost)  
  37  4:15  Observer (Chrono Boost)  
  37  4:18  Probe  
  37  4:21  Probe  
  39  4:29  Pylon  
  39  4:30  Probe  
  39  4:33  Probe  
  41  4:39  Immortal (Chrono Boost)  
  41  4:44  Probe  
  42  4:45  Probe  
  43  4:55  Probe  
  43  4:58  Probe, Twilight Council  
  45  5:06  Stalker  
  45  5:07  Stalker  
  45  5:12  Probe (Chrono Boost)  
  45  5:13  Probe (Chrono Boost)  
  49  5:15  Observer  
  50  5:23  Probe (Chrono Boost)  
  50  5:24  Probe (Chrono Boost)  
  52  5:29  Blink (Chrono Boost)  
  52  5:33  Probe (Chrono Boost)  
  52  5:34  Probe (Chrono Boost)  
  54  5:37  Gateway  
  54  5:43  Probe (Chrono Boost)  
  54  5:45  Probe (Chrono Boost)  
  56  5:53  Probe  
  56  5:55  Robotics Bay  
  56  5:56  Probe  
  58  5:57  Pylon  
  58  6:00  Sentry  
  58  6:02  Stalker  
  62  6:05  Assimilator  
  62  6:08  Assimilator  
  61  6:13  Probe  
  61  6:15  Probe, Pylon  
  63  6:24  Pylon  
  63  6:38  Gateway  
  63  6:39  Gateway  
  63  6:41  Disruptor (Chrono Boost)  
  63  6:42  Gateway  
  63  6:43  Probe x2  
  63  6:45  Stalker  
  70  6:49  Stalker  
  70  6:54  Stalker  
  74  6:59  Pylon  
  74  7:03  Pylon  
  74  7:11  Stalker  
  74  7:13  Disruptor (Chrono Boost)  
  79  7:16  Pylon  
  79  7:17  Probe x2  
  81  7:25  Stalker x2  
  84  7:40  Disruptor (Chrono Boost)  
  84  7:47  Nexus  
  87  7:56  Probe (Chrono Boost)  
  87  7:58  Probe (Chrono Boost)  
  89  8:05  Stalker x3  
  95  8:07  Forge  
  95  8:10  Warp Prism  
  95  8:19  Stalker x2  
  101  8:22  Pylon  
  101  8:26  Pylon  
  101  8:38  Stalker x3  
  107  8:45  Photon Cannon  
  107  8:46  Disruptor  
  110  9:00  Stalker  
  110  9:02  Stalker  
  111  9:18  Stalker x3  
  111  9:21  Probe (Chrono Boost)  
  111  9:22  Probe (Chrono Boost)  
  111  9:23  Probe (Chrono Boost)  
  118  9:25  Photon Cannon  
  118  9:26  Disruptor  
  121  9:40  Robotics Facility  
  121  9:45  Assimilator  
  121  9:48  Gateway, Assimilator  
  121  9:51  Stalker  
  121  9:52  Stalker  
  125  9:58  Stalker  
  127  10:16  Stalker x5, Disruptor (Chrono Boost)  
  105  10:37  Stalker  
  105  10:38  Disruptor (Chrono Boost)  
  106  10:51  Disruptor (Chrono Boost)  
  106  10:52  Stalker x4  
  106  10:57  Stalker, Zealot  
  116  10:58  Probe  
  116  11:00  Probe  
  120  11:05  Probe  
  120  11:10  Stalker, Disruptor (Chrono Boost)  
  126  11:12  Probe  
  126  11:16  Pylon  
  119  11:37  Stalker x6  
  108  11:48  Stalker  
  97  12:03  Stalker x6  
  97  12:07  Warp Prism (Chrono Boost)  
  97  12:08  Protoss Ground Weapons Level 1 (Chrono Boost)  
  96  12:42  Stalker x7  
  108  12:49  Disruptor x2  
  112  13:11  Stalker  
  112  13:12  Stalker x4  
  116  13:15  Stalker  
  110  13:36  Stalker x2  
  110  13:37  Stalker x3  
  102  13:50  Stalker x2  
  86  14:18  Disruptor, Dark Shrine  
  86  14:19  Stalker x4  
  86  14:20  Stalker x3  
  86  14:22  Disruptor  
  106  14:40  Nexus  
  106  14:44  Zealot  
  108  14:50  Disruptor  
  108  14:51  Sentry  
  113  15:03  Stalker x2, Zealot x2  
  113  15:04  Zealot x2  
  125  15:16  Disruptor  
  125  15:24  Nexus  
  124  15:34  Stalker x3  
  126  15:40  Stalker  
  128  15:48  Stalker x2  
  130  15:51  Disruptor  
  133  16:00  Pylon  
  133  16:10  Dark Templar  
  135  16:22  Disruptor  
  138  16:45  Photon Cannon  
  138  16:46  Pylon  
  138  16:54  Assimilator  
  138  16:55  Stalker x6  
  138  16:56  Assimilator  
  150  17:06  Protoss Ground Weapons Level 2 (Chrono Boost)  
  146  17:28  Dark Templar x2  
  146  17:29  Zealot x3  
  156  17:30  Zealot x2  
  160  17:40  Disruptor, Pylon  
  160  17:42  Pylon  
  160  17:43  Pylon  
  158  17:45  Pylon  
  159  18:11  Disruptor x2  
  159  18:14  Templar Archives  
  165  18:23  Zealot x4  
  173  18:44  Pylon  
  169  19:03  Nexus  
  169  19:05  Photon Cannon  
  169  19:06  Photon Cannon  
  169  19:08  Pylon  
  169  19:12  Zealot x4  
  173  19:26  Disruptor x2  
  177  19:33  High Templar x3  
  177  19:34  High Templar x3  
  191  19:41  Zealot  
  193  20:06  Pylon  
  193  20:13  Pylon  
  187  20:19  Stalker x6  
  134  20:45  Stalker x7  
Tags
 
Add a new tag
Caveats
  • Supply blocks, unpowered buildings, or Contaminate may cause inaccurate times.
  • Supply counts are checked every 10 seconds.